TOP OF THE 1ST |
Fort Myers Miracle batting - Pitching for Daytona Tortugas : LHP Suk-jin Sok
|
Pitching: LHP Suk-jin Sok
|
|
Batting: LHB Marshall Daul
|
0-0: Called Strike 0-1: Called Strike 0-2: Ball 1-2: Ball 2-2: Fly out, F7 (Line Drive, 7, EV 88.1 MPH)
|
Batting: RHB John Dew
|
0-0: Ball 1-0: Ball 2-0: Ball 3-0: Ground out 5-3 (Groundball, 56S, EV 86.2 MPH)
|
Batting: RHB Michael McDonald
|
0-0: Fly out, F7 (Flyball, 7LMF, EV 89.4 MPH)
|
Top of the 1st over - 0 runs, 0 hits, 0 errors, 0 left on base; Fort Myers 0 - Daytona 0 |
BOTTOM OF THE 1ST |
Daytona Tortugas batting - Pitching for Fort Myers Miracle : RHP Glen Dutton
|
Pitching: RHP Glen Dutton
|
|
Batting: SHB Bryan Johnston
|
0-0: Ball 1-0: Ball 2-0: Foul Ball, location: 2F 2-1: Fly out, F9 (Flyball, 9, EV 94.4 MPH)
|
Batting: RHB Pedro Pinero
|
0-0: Ball 1-0: Foul Ball, location: 2F 1-1: Ball 2-1: SINGLE (Line Drive, 9LS, EV 96.9 MPH)
|
Batting: RHB Dusty Pollert
|
0-0: Called Strike 0-1: Ball 1-1: Ball 2-1: Called Strike 2-2: Strikes out looking
|
Batting: RHB Danny Real
|
0-0: Called Strike 0-1: Swinging Strike 0-2: Ball 1-2: Foul Ball, location: 2F 1-2: Foul Ball, location: 2F 1-2: Ball 2-2: Ball 3-2: Base on Balls Pedro Pinero to second
|
Batting: LHB Chris Redhead
|
0-0: Called Strike 0-1: Swinging Strike 0-2: DOUBLE (Flyball, 78D, EV 98.1 MPH) Pedro Pinero scores Danny Real to third Runner from 3rd tries for Home, SAFE, throw by CF to home
|
Batting: RHB Tim Wormell
|
0-0: Called Strike 0-1: 2-RUN HOME RUN (Flyball, 78XD, EV 109.4 MPH), Distance : 404 ft
|
Batting: SHB Jaivata Mohanty
|
0-0: Called Strike 0-1: Swinging Strike 0-2: Strikes out swinging
|
Bottom of the 1st over - 4 runs, 3 hits, 0 errors, 0 left on base; Fort Myers 0 - Daytona 4 |
TOP OF THE 2ND |
Fort Myers Miracle batting - Pitching for Daytona Tortugas : LHP Suk-jin Sok
|
Batting: RHB Ryan Gautney
|
0-0: Called Strike 0-1: Ball 1-1: Foul Ball, location: 2F 1-2: Strikes out swinging
|
Batting: LHB Tomas Espino
|
0-0: Called Strike 0-1: Ball 1-1: Called Strike 1-2: Foul Ball, location: 2F 1-2: Ball 2-2: Fly out, F8 (Flyball, 89M, EV 92.5 MPH)
|
Batting: RHB Kevin Harris
|
0-0: DOUBLE (Line Drive, 89D, EV 106.2 MPH)
|
Batting: SHB Matt Urbani
|
0-0: Ball 1-0: Ball 2-0: Ball 3-0: Called Strike 3-1: Base on Balls
|
Batting: RHB Tony Crespo
|
0-0: Ball 1-0: Swinging Strike 1-1: Foul Ball, location: 2F 1-2: Ball 2-2: Foul Ball, location: 2F 2-2: Strikes out swinging
|
Top of the 2nd over - 0 runs, 1 hit, 0 errors, 2 left on base; Fort Myers 0 - Daytona 4 |
BOTTOM OF THE 2ND |
Daytona Tortugas batting - Pitching for Fort Myers Miracle : RHP Glen Dutton
|
Batting: RHB Tony Casas
|
0-0: Ball 1-0: Fly out, F7 (Flyball, 7LM, EV 88.1 MPH)
|
Batting: RHB Sang-ton Pak
|
0-0: Called Strike 0-1: Ball 1-1: Foul Ball, location: 2F 1-2: Foul Ball, location: 2F 1-2: Strikes out looking
|
Batting: SHB Bryan Johnston
|
0-0: Ground out 1-3 (Groundball, 13S, EV 66.2 MPH)
|
Bottom of the 2nd over - 0 runs, 0 hits, 0 errors, 0 left on base; Fort Myers 0 - Daytona 4 |
TOP OF THE 3RD |
Fort Myers Miracle batting - Pitching for Daytona Tortugas : LHP Suk-jin Sok
|
Batting: SHB Manny Molina
|
0-0: Swinging Strike 0-1: Ball 1-1: Foul Ball, location: 2F 1-2: Foul Ball, location: 2F 1-2: Foul Ball, location: 2F 1-2: Ball 2-2: Strikes out swinging
|
Batting: LHB Marshall Daul
|
0-0: Swinging Strike 0-1: Ball 1-1: Ball 2-1: Ball 3-1: SINGLE (Line Drive, 78S, EV 105.6 MPH)
|
Batting: RHB John Dew
|
0-0: Called Strike 0-1: Ball 1-1: Ball 2-1: Foul Ball, location: 2F 2-2: Ball Marshall Daul steals 2nd, throwing error, E2 Marshall Daul to third 3-2: 2-RUN HOME RUN (Flyball, 7D, EV 98.8 MPH), Distance : 362 ft
|
Batting: RHB Michael McDonald
|
0-0: Called Strike 0-1: Ground out 6-3 (Groundball, 6, EV 91.9 MPH)
|
Batting: RHB Ryan Gautney
|
0-0: Called Strike 0-1: Foul Ball, location: 2F 0-2: Ball 1-2: Ball 2-2: Ball 3-2: Foul Ball, location: 2F 3-2: Strikes out swinging
|
Top of the 3rd over - 2 runs, 2 hits, 1 error, 0 left on base; Fort Myers 2 - Daytona 4 |
BOTTOM OF THE 3RD |
Daytona Tortugas batting - Pitching for Fort Myers Miracle : RHP Glen Dutton
|
Batting: RHB Pedro Pinero
|
0-0: Called Strike 0-1: Ball 1-1: Ball 2-1: Foul Ball, location: 2F 2-2: Foul Ball, location: 2F 2-2: Ball 3-2: SINGLE (Line Drive, 6MD, EV 106.2 MPH)
|
Batting: RHB Dusty Pollert
|
0-0: Ball 1-0: Swinging Strike 1-1: Ball 2-1: Swinging Strike 2-2: Ball 3-2: Base on Balls Pedro Pinero to second
|
Batting: RHB Danny Real
|
0-0: Called Strike 0-1: Ball 1-1: Ball 2-1: SINGLE (Groundball, 6D, EV 107.5 MPH) Pedro Pinero to third Dusty Pollert to second
|
Batting: LHB Chris Redhead
|
0-0: Ball 1-0: Foul Ball, location: 2F 1-1: Ball 2-1: Ball 3-1: Foul Ball, location: 2F 3-2: Strikes out swinging
|
Batting: RHB Tim Wormell
|
0-0: Ball 1-0: Called Strike 1-1: Grounds into double play, 6-4-3 (Groundball, 6, EV 111.2 MPH)
|
Bottom of the 3rd over - 0 runs, 2 hits, 0 errors, 2 left on base; Fort Myers 2 - Daytona 4 |
TOP OF THE 4TH |
Fort Myers Miracle batting - Pitching for Daytona Tortugas : LHP Suk-jin Sok
|
Batting: LHB Tomas Espino
|
0-0: Ball 1-0: Ball 2-0: Ball 3-0: Foul Ball, location: 2F 3-1: Base on Balls
|
Batting: RHB Kevin Harris
|
0-0: Ball 1-0: Foul Ball, location: 2F 1-1: Ball 2-1: Ball 3-1: Fly out, F9 (Flyball, 9, EV 81.9 MPH)
|
Batting: SHB Matt Urbani
|
0-0: Ball 1-0: Ball 2-0: Ball 3-0: Base on Balls Tomas Espino to second
|
Batting: RHB Tony Crespo
|
0-0: Ball 1-0: Fly out, F7 (Flyball, 7S, EV 87.5 MPH)
|
Batting: SHB Manny Molina
|
0-0: Called Strike 0-1: Ball 1-1: Foul Ball, location: 2F 1-2: Strikes out swinging
|
Top of the 4th over - 0 runs, 0 hits, 0 errors, 2 left on base; Fort Myers 2 - Daytona 4 |
BOTTOM OF THE 4TH |
Daytona Tortugas batting - Pitching for Fort Myers Miracle : RHP Glen Dutton
|
Batting: SHB Jaivata Mohanty
|
0-0: Called Strike 0-1: Ball 1-1: Called Strike 1-2: Ball 2-2: Foul Ball, location: 2F 2-2: Fly out, F8 (Flyball, 8LS, EV 81.9 MPH)
|
Batting: RHB Tony Casas
|
0-0: Ball 1-0: Bunt for hit to 15S - play at first, batter OUT! 1-3
|
Batting: RHB Sang-ton Pak
|
0-0: Called Strike 0-1: Called Strike 0-2: Ball 1-2: Foul Ball, location: 2F 1-2: Ball 2-2: Foul Ball, location: 2F 2-2: Fly out, F7 (Flyball, 7D, EV 101.9 MPH)
|
Bottom of the 4th over - 0 runs, 0 hits, 0 errors, 0 left on base; Fort Myers 2 - Daytona 4 |
TOP OF THE 5TH |
Fort Myers Miracle batting - Pitching for Daytona Tortugas : LHP Suk-jin Sok
|
Batting: LHB Marshall Daul
|
0-0: Ball 1-0: Ball 2-0: Called Strike 2-1: Foul Ball, location: 2F 2-2: Strikes out looking
|
Batting: RHB John Dew
|
0-0: Fly out, F9 (Line Drive, 89D, EV 96.9 MPH)
|
Batting: RHB Michael McDonald
|
0-0: Ground out 6-3 (Groundball, 56, EV 76.9 MPH)
|
Top of the 5th over - 0 runs, 0 hits, 0 errors, 0 left on base; Fort Myers 2 - Daytona 4 |
BOTTOM OF THE 5TH |
Daytona Tortugas batting - Pitching for Fort Myers Miracle : RHP Glen Dutton
|
Batting: SHB Bryan Johnston
|
0-0: Ball 1-0: SOLO HOME RUN (Flyball, 89XD, EV 95.0 MPH), Distance : 386 ft
|
Pitching: RHP Tim Weller
|
|
Batting: RHB Pedro Pinero
|
0-0: Called Strike 0-1: Swinging Strike 0-2: Foul Ball, location: 2F 0-2: Ground out 5-3 (Groundball, 56, EV 83.1 MPH)
|
Batting: RHB Dusty Pollert
|
0-0: Ball 1-0: Ball 2-0: Foul Ball, location: 2F 2-1: Ground out 6-3 (Groundball, 6, EV 93.1 MPH)
|
Batting: RHB Danny Real
|
0-0: Foul Ball, location: 2F 0-1: Ball 1-1: Ball 2-1: DOUBLE (Groundball, 5L, EV 111.2 MPH)
|
Batting: LHB Chris Redhead
|
0-0: Ball 1-0: Ball 2-0: 2-RUN HOME RUN (Flyball, 89XD, EV 97.5 MPH), Distance : 388 ft
|
Batting: RHB Tim Wormell
|
0-0: Ball 1-0: Fly out, F8 (Flyball, 8LD, EV 91.9 MPH)
|
Bottom of the 5th over - 3 runs, 3 hits, 0 errors, 0 left on base; Fort Myers 2 - Daytona 7 |
TOP OF THE 6TH |
Fort Myers Miracle batting - Pitching for Daytona Tortugas : LHP Suk-jin Sok
|
Batting: RHB Ryan Gautney
|
0-0: DOUBLE (Line Drive, 78M, EV 96.9 MPH)
|
Batting: LHB Tomas Espino
|
0-0: Ball 1-0: Swinging Strike 1-1: Foul Ball, location: 2F 1-2: Strikes out looking
|
Pitching: RHP Kyle Vance
|
|
Batting: RHB Kevin Harris
|
0-0: Ball 1-0: Fly out, F3 (Popup, 23F, EV 78.1 MPH)
|
Batting: SHB Matt Urbani
|
0-0: Foul Ball, location: 2F 0-1: Ball 1-1: Ball 2-1: Ball 3-1: Foul Ball, location: 2F 3-2: Base on Balls
|
Batting: RHB Tony Crespo
|
0-0: Swinging Strike 0-1: Ball 1-1: Foul Ball, location: 2F 1-2: Foul Ball, location: 2F 1-2: Foul Ball, location: 2F 1-2: SINGLE (Groundball, 56S, EV 71.9 MPH) (infield hit) Ryan Gautney to third Matt Urbani to second
|
Batting: SHB Manny Molina
|
0-0: Swinging Strike 0-1: Ball 1-1: Called Strike 1-2: Strikes out swinging
|
Top of the 6th over - 0 runs, 2 hits, 0 errors, 3 left on base; Fort Myers 2 - Daytona 7 |
BOTTOM OF THE 6TH |
Daytona Tortugas batting - Pitching for Fort Myers Miracle : RHP Tim Weller
|
Batting: SHB Jaivata Mohanty
|
0-0: Ball 1-0: Foul Ball, location: 2F 1-1: Foul Ball, location: 2F 1-2: Ball 2-2: Ball 3-2: Strikes out swinging
|
Batting: RHB Tony Casas
|
0-0: Ball 1-0: Ball 2-0: Called Strike 2-1: Ball 3-1: Base on Balls
|
Pitching: RHP Regan Kalinski
|
|
Batting: RHB Sang-ton Pak
|
0-0: Ball Tony Casas steals 2nd base (no throw) 1-0: Ball 2-0: Ground out 1-3 (Groundball, 13S, EV 70.6 MPH) Tony Casas to third
|
Batting: SHB Bryan Johnston
|
0-0: Ball 1-0: Called Strike 1-1: Foul Ball, location: 2F 1-2: Ball 2-2: 2-RUN HOME RUN (Flyball, 7D, EV 95.6 MPH), Distance : 360 ft
|
Batting: RHB Pedro Pinero
|
0-0: Called Strike 0-1: Ball 1-1: Ball 2-1: Ball 3-1: Base on Balls
|
Batting: RHB Dusty Pollert
|
0-0: Ball Pedro Pinero steals 2nd base 1-0: Swinging Strike 1-1: Ball 2-1: Called Strike 2-2: Strikes out swinging
|
Bottom of the 6th over - 2 runs, 1 hit, 0 errors, 1 left on base; Fort Myers 2 - Daytona 9 |
TOP OF THE 7TH |
Fort Myers Miracle batting - Pitching for Daytona Tortugas : RHP Kyle Vance
|
Pinch Hitting: LHB Hector Olvera
|
0-0: Called Strike 0-1: Called Strike 0-2: Ball 1-2: Foul Ball, location: 2F 1-2: Foul Ball, location: 2F 1-2: Foul Ball, location: 2F 1-2: Foul Ball, location: 2F 1-2: Ball 2-2: Ball 3-2: SINGLE (Groundball, 34D, EV 96.9 MPH)
|
Batting: RHB John Dew
|
0-0: Ball 1-0: Foul Ball, location: 2F 1-1: Grounds into double play, 6-4-3 (Groundball, 6, EV 80.0 MPH)
|
Batting: RHB Michael McDonald
|
0-0: SOLO HOME RUN (Flyball, 9LD, EV 91.2 MPH), Distance : 326 ft
|
Batting: RHB Ryan Gautney
|
0-0: SINGLE (Line Drive, 7S, EV 103.8 MPH)
|
Pitching: RHP Joaquin Villalobos
|
|
Batting: LHB Tomas Espino
|
0-0: Ball 1-0: Ground out 4-3 (Groundball, 34S, EV 86.9 MPH)
|
Top of the 7th over - 1 run, 3 hits, 0 errors, 1 left on base; Fort Myers 3 - Daytona 9 |
BOTTOM OF THE 7TH |
Daytona Tortugas batting - Pitching for Fort Myers Miracle : RHP Regan Kalinski
|
Now in LF: David Ramos
|
|
Batting: RHB Danny Real
|
0-0: Called Strike 0-1: Ground out 5-3 (Groundball, 56, EV 110.0 MPH)
|
Batting: LHB Chris Redhead
|
0-0: Foul Ball, location: 2F 0-1: Called Strike 0-2: Ball 1-2: Foul Ball, location: 2F 1-2: Ball 2-2: Ball 3-2: Ground out 4-3 (Groundball, 4, EV 100.6 MPH)
|
Batting: RHB Tim Wormell
|
0-0: Called Strike 0-1: Called Strike 0-2: Ball 1-2: Strikes out swinging
|
Bottom of the 7th over - 0 runs, 0 hits, 0 errors, 0 left on base; Fort Myers 3 - Daytona 9 |
TOP OF THE 8TH |
Fort Myers Miracle batting - Pitching for Daytona Tortugas : RHP Joaquin Villalobos
|
Batting: RHB Kevin Harris
|
0-0: Foul Ball, location: 2F 0-1: Ball 1-1: Ball 2-1: Ball 3-1: Called Strike 3-2: DOUBLE (Line Drive, 9LS, EV 95.0 MPH)
|
Batting: SHB Matt Urbani
|
0-0: Called Strike 0-1: Ball 1-1: Foul Ball, location: 2F 1-2: Foul Ball, location: 2F 1-2: Strikes out looking
|
Batting: RHB Tony Crespo
|
0-0: Called Strike 0-1: Ball 1-1: Swinging Strike 1-2: Strikes out swinging
|
Batting: SHB Manny Molina
|
0-0: Ball 1-0: Foul Ball, location: 2F 1-1: Called Strike 1-2: Strikes out looking
|
Top of the 8th over - 0 runs, 1 hit, 0 errors, 1 left on base; Fort Myers 3 - Daytona 9 |
BOTTOM OF THE 8TH |
Daytona Tortugas batting - Pitching for Fort Myers Miracle : RHP Regan Kalinski
|
Batting: SHB Jaivata Mohanty
|
0-0: Fly out, F8 (Flyball, 78M, EV 95.6 MPH)
|
Batting: RHB Tony Casas
|
0-0: Ball 1-0: Called Strike 1-1: Fly out, F9 (Line Drive, 9D, EV 91.2 MPH)
|
Batting: RHB Sang-ton Pak
|
0-0: Foul Ball, location: 2F 0-1: Ball 1-1: Ball 2-1: Fly out, F3 (Popup, 34S, EV 66.9 MPH)
|
Bottom of the 8th over - 0 runs, 0 hits, 0 errors, 0 left on base; Fort Myers 3 - Daytona 9 |
TOP OF THE 9TH |
Fort Myers Miracle batting - Pitching for Daytona Tortugas : RHP Joaquin Villalobos
|
Batting: LHB David Ramos
|
0-0: Ground out 4-3 (Groundball, 4, EV 98.8 MPH)
|
Batting: RHB John Dew
|
0-0: Called Strike 0-1: Called Strike 0-2: Foul Ball, location: 2F 0-2: Fly out, F7 (Flyball, 78M, EV 75.0 MPH)
|
Batting: RHB Michael McDonald
|
0-0: Ball 1-0: Foul Ball, location: 2F 1-1: Ball 2-1: Ground out 5-3 (Groundball, 56, EV 86.9 MPH)
|
Top of the 9th over - 0 runs, 0 hits, 0 errors, 0 left on base; Fort Myers 3 - Daytona 9 |
|